 Dungeon Crawl Stone Soup version 0.25.0-15-gac7dcb8919 (webtiles) character file.

Game seed: 991799721922150561

518 sking99 the Chopper (level 7, -19/55 HPs)
             Began as a Demonspawn Fighter on June 28, 2020.
             Demolished by an ogre
             ... wielding a +0 giant club
              (28 damage)
             ... on level 4 of the Dungeon.
             The game lasted 00:08:45 (4548 turns).

sking99 the Chopper (Demonspawn Fighter)            Turns: 4548, Time: 00:08:46

Health: -19/55     AC:  7    Str: 18    XL:     7   Next: 1%
Magic:  7/7        EV:  7    Int:  9    God:
Gold:   72         SH:  9    Dex: 13    Spells: 6/6 levels left

rFire    . . .     SeeInvis .   a - +0 war axe
rCold    . . .     Gourm    .   c - +0 kite shield
rNeg     . . .     Faith    .   b - +0 scale mail
rPois    .         Spirit   .   (no helmet)
rElec    .         Reflect  .   (no cloak)
rCorr    .         Harm     .   (no gloves)
MR       .....                  (no boots)
Stlth    ++........             (no amulet)
HPRegen  0.18/turn              (no ring)
MPRegen  0.10/turn              (no ring)

@: no status effects
A: talons 2, nightstalker 2, spiny 1
a: no special abilities


You were on level 4 of the Dungeon.
You were not hungry.

You visited 1 branch of the dungeon, and saw 4 of its levels.

You collected 72 gold pieces.

Inventory:

Hand Weapons
 a - a +0 war axe (weapon)
Armour
 b - a +0 scale mail (worn)
 c - a +0 kite shield (worn)
Scrolls
 h - a scroll of identify {unknown}
 i - 2 scrolls of remove curse {unknown}
 j - a scroll of amnesia {unknown}
 l - 2 scrolls of teleportation {unknown}
 m - a scroll of magic mapping {unknown}
Potions
 e - a potion of ambrosia
 g - 3 potions of curing {unknown}
 n - a potion of flight {unknown}
Comestibles
 f - 7 rations


   Skills:
 + Level 4.3 Fighting
 * Level 4.5 Axes
 + Level 4.1 Armour
 + Level 4.0 Shields


You had 6 spell levels left.
You didn't know any spells.
Your spell library was empty.

Dungeon Overview and Level Annotations

Branches:
Dungeon (4/15)
 Temple: D:4-7

Altars:


Innate Abilities, Weirdness & Mutations

You have razor-sharp toenails.
You are significantly more attuned to the shadows.
You are partially covered in sharp spines.


Message History

You barely miss the ogre. Your kick misses the ogre.
The ogre is moderately wounded.
You block the ogre's attack.
You slash the ogre!
The ogre is heavily wounded.
The ogre is struck by your spines. The ogre hits you with a +0 giant club.
You block the ogre's attack.
Your shield and scale mail prevent you from hitting the ogre.
The ogre is severely wounded.
The ogre hits you with a +0 giant club.
You hit the ogre but do no damage.
The ogre is severely wounded.
The ogre is struck by your spines.
The ogre hits you with a +0 giant club!!
* * * LOW HITPOINT WARNING * * *
You hit the ogre.
The ogre is almost dead.
The ogre hits you with a +0 giant club!!
Ouch! That really hurt!
You die...

....................
♣....................
....................
......................
.......................
.......................
.......................
..........)O#..........
..######.##@#...##.....
##......÷............
..............####...
.#.....#......####...
.#.....#.#.###.......
.........#.###...####
.............#...#
.......###...#...#
......>##........#


You could see an ogre.

Vanquished Creatures
  Edmund (D:3)
  Menkaure (D:4)
  A howler monkey (D:3)
  A jelly (D:2)
  Robin (D:2)
  A gnoll (D:2)
  7 adders
  3 worms
  5 dart slugs
  2 leopard geckos
  11 orcs
  2 ball pythons
  3 giant cockroaches
  10 goblins
  10 hobgoblins
  10 kobolds
  4 quokkas
  10 bats
  7 frilled lizards
  7 rats
97 creatures vanquished.

Notes
Turn   | Place    | Note
-------+----------+-------------------------------------------
     0 | D:1      | sking99 the Demonspawn Fighter began the quest for the Orb.
     0 | D:1      | Reached XP level 1. HP: 18/18 MP: 1/1
   250 | D:1      | Gained mutation: You are slightly more attuned to the
                  | shadows. [demonic ancestry]
   250 | D:1      | Reached XP level 2. HP: 18/24 MP: 2/2
  1001 | D:2      | Gained mutation: You have sharp toenails. [demonic
                  | ancestry]
  1001 | D:2      | Reached XP level 3. HP: 28/29 MP: 3/3
  1550 | D:2      | Gained mutation: You have razor-sharp toenails. [demonic
                  | ancestry]
  1550 | D:2      | Reached XP level 4. HP: 7/35 MP: 4/4
  2468 | D:2      | Noticed Robin
  2499 | D:2      | Reached XP level 5. HP: 33/42 MP: 5/5
  2500 | D:2      | Killed Robin
  3482 | D:4      | Noticed an ogre
  3516 | D:4      | Noticed Edmund
  3818 | D:3      | Killed Edmund
  3818 | D:3      | Gained mutation: You are partially covered in sharp spines.
                  | [demonic ancestry]
  3818 | D:3      | Reached XP level 6. HP: 22/48 MP: 6/6
  4004 | D:4      | Noticed Menkaure
  4013 | D:4      | Killed Menkaure
  4250 | D:3      | Gained mutation: You are significantly more attuned to the
                  | shadows. [demonic ancestry]
  4250 | D:3      | Reached XP level 7. HP: 17/55 MP: 7/7
  4548 | D:4      | Demolished by an ogre

Illustrated notes

Levels and vault maps discovered:
D:1:      dpeg_arrival_lava_altar, layout_loops_ring
D:2:      layout_basic, kennysheep_potato, uniq_robin
D:3:      layout_basic, first_ration
D:4:      layout_basic, gammafunk_temple_overflow_wave, serial_shops,
          nicolae_shop_trees, elyvilon_altar_1, uniq_menkaure, uniq_edmund,
          uniq_crazy_yiuf_cottage

Skill      XL: |  1  2  3  4  5  6 |
---------------+-------------------+-----
Axes           | 2 3 4 |  4.5
Armour         | 3 4 |  4.1
Shields        | 3 4 |  4.0
Fighting       | 4 |  4.3

Action                   |  1- 3 |  4- 6 |  7- 9 || total
-------------------------+-------+-------+-------++-------
Melee: War axe           |   122 |   156 |     8 ||   286
       Kick              |     7 |    45 |     1 ||    53
  Use: Potion            |       |     2 |       ||     2
  Eat: Chunk             |     2 |     9 |     1 ||    12
Armor: Scale mail        |    58 |    80 |     1 ||   139
Dodge: Dodged            |    37 |    57 |     1 ||    95
Block: Kite shield       |    70 |    77 |     6 ||   153
